 Dungeon Crawl Stone Soup version 0.30-a0-219-gf2db51d15e (console) character file.

Game seed: 14638996843067283741

3162 jejorda2 the Basher (level 9, -11/74 HPs)
             Began as a Gnoll Berserker on Oct 7, 2022.
             Was a Believer of Trog.
             Mangled by a death yak (17 damage)
             ... on level 8 of the Dungeon.
             The game lasted 00:15:54 (6409 turns).

jejorda2 the Basher (Gnoll Berserker)               Turns: 6409, Time: 00:15:55

Health: -11/74     AC:  8    Str: 20    XL:     9   Next: 94%
Magic:  16/16      EV: 14    Int:  8    God:    Trog [**....]
Gold:   26         SH:  0    Dex: 11    Spells: 17/17 levels left

rFire   + . .      SeeInvis .    a - +3 dire flail (drain)
rCold   . . .      Faith    .    (shield currently unavailable)
rNeg    . . .      Spirit   .    F - +1 steam dragon scales
rPois   .          Reflect  .    (no helmet)
rElec   .          Harm     .    p - +0 cloak
rCorr   .          Rampage  .    (no gloves)
Will    .....                    (no boots)
Stlth   +++.......               (no amulet)
HPRegen 0.32/turn                B - +4 ring of slaying
MPRegen 0.15/turn                d - ring of protection from fire

@: on berserk cooldown, slowed, very slow
A: fangs 1, strong nose, distributed training
a: Renounce Religion, Berserk, Trog's Hand


You were on level 8 of the Dungeon.
You worshipped Trog.
Trog was pleased with you.
You visited 1 branch of the dungeon, and saw 8 of its levels.

You collected 388 gold pieces.
You spent 362 gold pieces at shops.

Inventory:

Hand Weapons
 a - a +3 dire flail of draining (weapon)
 b - a +2 flail of protection
Missiles
 k - 130 stones (quivered)
 v - a throwing net
 y - 9 javelins
 D - 13 poisoned darts
Armour
 e - a +0 chain mail
 p - a +0 cloak (worn)
 F - +1 steam dragon scales (worn)
Jewellery
 d - a ring of protection from fire (right hand)
 i - a ring of positive energy
 B - a +4 ring of slaying (left hand)
Scrolls
 f - a scroll of enchant armour {unknown}
 h - 3 scrolls of teleportation
 j - 2 scrolls of fear {unknown}
 l - 4 scrolls of magic mapping {unknown}
 m - 3 scrolls of noise {unknown}
 r - a scroll of silence {unknown}
 u - 2 scrolls of amnesia {unknown}
 x - a scroll of poison {unknown}
 E - 3 scrolls of enchant weapon {unknown}
 G - a scroll of brand weapon {unknown}
 I - a scroll of vulnerability {unknown}
Potions
 c - 2 potions of lignification
 g - 2 potions of flight
 n - 2 potions of curing
 o - a potion of haste {unknown}
 q - 2 potions of resistance
 s - 2 potions of attraction
 t - a potion of degeneration {unknown}
 w - 2 potions of might
 z - a potion of mutation {unknown}
 A - a potion of cancellation
 C - a potion of heal wounds
 H - a potion of ambrosia {unknown}


   Skills:
 + Level 8.3 Fighting
 + Level 4.9 Short Blades
 + Level 4.9 Long Blades
 + Level 4.9 Axes
 + Level 8.3 Maces & Flails
 + Level 4.9 Polearms
 + Level 4.9 Staves
 + Level 4.9 Ranged Weapons
 + Level 4.9 Throwing
 + Level 6.8 Armour
 + Level 6.8 Dodging
 + Level 4.9 Stealth
 + Level 4.9 Shields
 + Level 4.9 Unarmed Combat
 + Level 4.9 Spellcasting
 + Level 4.0 Conjurations
 + Level 4.0 Hexes
 + Level 4.0 Summonings
 + Level 4.0 Necromancy
 + Level 4.0 Translocations
 + Level 4.0 Transmutations
 + Level 4.0 Fire Magic
 + Level 4.0 Ice Magic
 + Level 4.0 Air Magic
 + Level 4.0 Earth Magic
 + Level 4.0 Poison Magic
 + Level 5.4 Invocations
 + Level 4.9 Evocations


You had 17 spell levels left.
You didn't know any spells.
Your spell library was empty.

Dungeon Overview and Level Annotations

Branches:
Dungeon (8/15)             Temple (0/1) D:6            Lair (0/5) D:8

Altars:
Dithmenos
Elyvilon
Gozag
Hepliaklqana
Kikubaaqudgha
Makhleb
Nemelex Xobeh
Okawaru
Sif Muna
Trog
Vehumet
Wu Jian
Xom
The Shining One

Shops:
D:1 (   D:4 ?   D:5 :   D:6 !

Annotations:
D:6 3 runed translucent doors, Buttons840's ghost, novice MfGl; Zonian's ghost, novice VSBr


Innate Abilities, Weirdness & Mutations

You have very sharp teeth.
Your uncanny sense of smell can sniff out nearby items.
Your experience applies equally to all skills.


Message History

You bludgeon the death yak!!
The death yak is heavily wounded.
The death yak gores you!
You barely miss the death yak.
You bite the death yak, but do no damage.
The death yak is heavily wounded.
You bludgeon the death yak!! You drain the death yak.
The death yak is almost dead.
The orc priest looks encouraged for a moment.
You barely miss the death yak. Your bite misses the death yak.
You sock the death yak!
The death yak is lightly wounded.
You bludgeon the death yak!!
You bite the death yak, but do no damage.
The death yak is moderately wounded.
You feel the effects of Trog's Hand fading.
You sock the death yak!
The death yak is severely wounded.
The death yak gores you.
You sock the death yak!
The death yak is severely wounded.
You hit the death yak. You drain the death yak.
The death yak is almost dead.
The death yak misses you.
You barely miss the death yak.
The death yak is almost dead.
You are no longer berserk.
You are exhausted.
You feel yourself slow down. The death yak gores you!
Okay, then.
The death yak attacks as you move away!
The death yak gores you but does no damage.
Your skin stops crawling.
You feel less strong-willed. The death yak closely misses you.
The death yak attacks as you move away! The death yak gores you!
The death yak attacks as you move away! The death yak gores you!
The death yak closely misses you. The death yak gores you!!
* * * LOW HITPOINT WARNING * * *
The death yak attacks as you move away! The death yak gores you!
You die...

.# ##o# ..# ###Y# ∆
#.# ##..## ∆ #.#
##..## #.# #.o.#
##.# ##Y.## #..##
##..!## #<.>#
##YY...###
##...###@Y........
#.....<............
#..................
#..........####....
#........### ##..
##......## #.
#..##..# #..##..##
#..##...#


You could see 5 death yaks and an orc.

Vanquished Creatures
  A death yak (D:8)
  Maggie (D:7)
  Sigmund (D:7)
  Menkaure (D:5)
  Edmund (D:7)
  Duvessa (D:5)
  2 sky beasts
  An orc warrior (D:8)
  2 black bears
  2 centaurs
  Blork the orc (D:5)
  2 phantoms
  A kobold brigand (D:6)
  A necrophage (D:6)
  A bullfrog (D:7)
  A scorpion (D:5)
  Dowan (D:5)
  4 howler monkeys
  A crimson imp (D:5)
  4 hounds
  Crazy Yiuf (D:2)
  5 iguanas
  Terence (D:2)
  2 orc wizards
  6 adders
  A shadow imp (D:7)
  2 white imps
  2 worms (D:2)
  4 dart slugs
  9 orcs
  5 ball pythons
  7 endoplasms
  2 giant cockroaches
  8 goblins
  7 hobgoblins
  9 kobolds
  2 quokkas (D:5)
  6 bats
  A frilled lizard (D:3)
  4 rats
114 creatures vanquished.

Vanquished Creatures (others)
  4 plants
4 creatures vanquished.

Grand Total: 118 creatures vanquished

Notes
Turn   | Place    | Note
-------+----------+-------------------------------------------
     0 | D:1      | jejorda2 the Gnoll Berserker began the quest for the Orb.
     0 | D:1      | Reached XP level 1. HP: 23/23 MP: 1/1
   104 | D:1      | Found Riqifieq's Weapon Shoppe.
   156 | D:1      | Reached XP level 2. HP: 26/29 MP: 2/2
   628 | D:2      | Noticed Terence
   635 | D:2      | Killed Terence
   636 | D:2      | Reached skill level 1 in Invocations
   636 | D:2      | Reached XP level 3. HP: 35/35 MP: 2/4
   714 | D:2      | Reached skill level 1 in Short Blades
   714 | D:2      | Reached skill level 1 in Long Blades
   714 | D:2      | Reached skill level 1 in Axes
   714 | D:2      | Reached skill level 1 in Polearms
   714 | D:2      | Reached skill level 1 in Staves
   714 | D:2      | Reached skill level 1 in Ranged Weapons
   714 | D:2      | Reached skill level 1 in Throwing
   714 | D:2      | Reached skill level 1 in Stealth
   714 | D:2      | Reached skill level 1 in Shields
   714 | D:2      | Reached skill level 1 in Unarmed Combat
   714 | D:2      | Reached skill level 1 in Spellcasting
   714 | D:2      | Reached skill level 1 in Evocations
   840 | D:2      | Reached XP level 4. HP: 34/41 MP: 5/5
  1088 | D:2      | Reached ** piety under Trog
  1267 | D:2      | Found a shimmering blue altar of Sif Muna.
  1368 | D:2      | Found a runed translucent door.
  1369 | D:2      | Noticed Crazy Yiuf
  1375 | D:2      | Killed Crazy Yiuf
  1376 | D:2      | Reached skill level 1 in Conjurations
  1376 | D:2      | Reached skill level 1 in Hexes
  1376 | D:2      | Reached skill level 1 in Summonings
  1376 | D:2      | Reached skill level 1 in Necromancy
  1376 | D:2      | Reached skill level 1 in Translocations
  1376 | D:2      | Reached skill level 1 in Transmutations
  1376 | D:2      | Reached skill level 1 in Fire Magic
  1376 | D:2      | Reached skill level 1 in Ice Magic
  1376 | D:2      | Reached skill level 1 in Air Magic
  1376 | D:2      | Reached skill level 1 in Earth Magic
  1376 | D:2      | Reached skill level 1 in Poison Magic
  1495 | D:3      | Found a faded altar of an unknown god.
  1544 | D:3      | Found an iron altar of Okawaru.
  1713 | D:3      | Found a shadowy altar of Dithmenos.
  1992 | D:3      | Found an ornate altar of the Wu Jian Council.
  2048 | D:3      | Reached XP level 5. HP: 47/47 MP: 7/7
  2178 | D:3      | Found a bloodstained altar of Trog.
  2344 | D:4      | Noticed a black bear
  2366 | D:4      | Killed a black bear
  2370 | D:4      | Reached XP level 6. HP: 53/53 MP: 8/8
  2459 | D:3      | Reached skill level 5 in Armour
  2459 | D:3      | Reached skill level 5 in Dodging
  2514 | D:4      | Found Ryacuh's Magic Scroll Boutique.
  2522 | D:4      | Bought a scroll of identify for 22 gold pieces
  2522 | D:4      | Bought a scroll of teleportation for 33 gold pieces
  3011 | D:5      | Entered Level 5 of the Dungeon
  3091 | D:5      | Found Idduusch's Vocational Training.
  3114 | D:5      | Noticed Blork the orc
  3136 | D:5      | Killed Blork the orc
  3137 | D:5      | Reached XP level 7. HP: 40/60 MP: 10/10
  3302 | D:5      | Found a shimmering altar of Xom.
  3303 | D:5      | Found a hazy altar of Hepliaklqana.
  3304 | D:5      | Noticed a spectral ugly thing
  3417 | D:5      | Noticed Menkaure
  3424 | D:5      | Killed Menkaure
  3590 | D:5      | Found a white marble altar of Elyvilon.
  3756 | D:5      | Noticed Dowan
  3762 | D:5      | Noticed Duvessa
  3767 | D:5      | Killed Dowan
  3776 | D:5      | Killed Duvessa
  3777 | D:5      | Reached XP level 8. HP: 62/67 MP: 12/12
  3970 | D:5      | Found a glowing golden altar of the Shining One.
  4296 | D:5      | Found a radiant altar of Vehumet.
  4297 | D:5      | Found a burning altar of Makhleb.
  4458 | D:5      | Found a sparkling altar of Nemelex Xobeh.
  4594 | D:6      | Reached *** piety under Trog
  4744 | D:6      | Found a staircase to the Ecumenical Temple.
  4769 | D:6      | Found Uskotufo's Distillery.
  4772 | D:6      | Bought a potion of heal wounds for 65 gold pieces
  4934 | D:6      | Found an ancient bone altar of Kikubaaqudgha.
  5128 | D:6      | Found a runed translucent gate.
  5130 | D:6      | Found a runed translucent gate.
  5131 | D:6      | Found a runed translucent gate.
  5140 | D:6      | Noticed Buttons840's ghost (novice MfGl)
  5140 | D:6      | Noticed Zonian's ghost (novice VSBr)
  5345 | D:7      | Noticed Maggie
  5356 | D:7      | Killed Maggie
  5357 | D:7      | Reached XP level 9. HP: 74/74 MP: 13/15
  5960 | D:7      | Found an opulent altar of Gozag.
  6000 | D:7      | Noticed Sigmund
  6001 | D:7      | Noticed Edmund
  6018 | D:7      | Killed Edmund
  6022 | D:7      | Killed Sigmund
  6023 | D:7      | Reached skill level 5 in Invocations
  6197 | D:1      | Bought a +3 dire flail of draining for 242 gold pieces
  6377 | D:8      | Noticed a death yak
  6377 | D:8      | Noticed a death yak
  6378 | D:8      | Noticed a death yak
  6381 | D:8      | Noticed a death yak
  6382 | D:8      | Noticed a death yak
  6384 | D:8      | Noticed a death yak
  6389 | D:8      | Killed a death yak
  6390 | D:8      | Found a staircase to the Lair.
  6409 | D:8      | Mangled by a death yak

Illustrated notes

Levels and vault maps discovered:
D:1:      ebering_hopf_link, layout_basic, serial_shops, shop_fountains
D:2:      layout_loops_ring, basic_altar, uniq_crazy_yiuf_cottage, uniq_terence
D:3:      layout_loops_ring, mainiacjoe_overflow_six_doors_small,
          lemuel_coloured_pillars_altar,
          nicolae_dithmenos_through_a_glass_darkly, trog_hazing_becter,
          dilly_ecumenical_altar_fadedgnrine
D:4:      layout_rooms, serial_shops, shop
D:5:      layout_basic, grunt_temple_overflow_lords_of_destruction,
          regret_index_temple_of_mockery, nicolae_elyvilon_temple_path,
          general_overflow_altar, mainiacjoe_overflow_alcove_2,
          minmay_misc_feat_tiny, corexii_corridor_pit, nicolae_shop_vocational,
          uniq_duvessa, uniq_blork_the_orc, uniq_menkaure
D:6:      layout_loops_ring, amcnicky_altar_gilded,
          minmay_temple_entry_gardened_gates, serial_shops, kennysheep_mini,
          gammafunk_ghost_cemetery, minmay_misc_feat_encased,
          hangedman_decor_slide_cut
D:7:      layout_basic, nicolae_gozag_cash_rules_everything_around_me,
          sigmund_edmund_badplayer, uniq_maggie
D:8:      layout_layer_cave, dpeg_lair_monsters, serial_shops, shop,
          dk_noncrumbling_4, uniq_pikel

Skill      XL: |  1  2  3  4  5  6  7  8  9 |
---------------+----------------------------+-----
Invocations    | 1 2 3 4 5 |  5.4
Short Blades   | 1 2 3 4 |  4.9
Long Blades    | 1 2 3 4 |  4.9
Axes           | 1 2 3 4 |  4.9
Polearms       | 1 2 3 4 |  4.9
Staves         | 1 2 3 4 |  4.9
Ranged Weapons | 1 2 3 4 |  4.9
Throwing       | 1 2 3 4 |  4.9
Stealth        | 1 2 3 4 |  4.9
Shields        | 1 2 3 4 |  4.9
Unarmed Combat | 1 2 3 4 |  4.9
Spellcasting   | 1 2 3 4 |  4.9
Evocations     | 1 2 3 4 |  4.9
Conjurations   | 1 2 3 4 |  4.0
Hexes          | 1 2 3 4 |  4.0
Summonings     | 1 2 3 4 |  4.0
Necromancy     | 1 2 3 4 |  4.0
Translocations | 1 2 3 4 |  4.0
Transmutations | 1 2 3 4 |  4.0
Fire Magic     | 1 2 3 4 |  4.0
Ice Magic      | 1 2 3 4 |  4.0
Air Magic      | 1 2 3 4 |  4.0
Earth Magic    | 1 2 3 4 |  4.0
Poison Magic   | 1 2 3 4 |  4.0
Armour         | 5 6 |  6.8
Dodging        | 5 6 |  6.8
Fighting       | 7 8 |  8.3
Maces & Flails | 7 8 |  8.3

Action                   |  1- 3 |  4- 6 |  7- 9 || total
-------------------------+-------+-------+-------++-------
Melee: Mace              |    77 |    10 |       ||    87
       Bite              |     7 |    17 |    23 ||    47
       Punch             |     1 |     3 |     5 ||     9
       Flail             |       |   152 |   191 ||   343
       Dire flail        |       |       |    20 ||    20
Throw: Stone             |       |     1 |       ||     1
Invok: Berserk           |     1 |     4 |     5 ||    10
       Trog's Hand       |       |     2 |     3 ||     5
  Use: Scroll            |       |     4 |     4 ||     8
       Potion            |       |       |     1 ||     1
 Stab: Sleeping          |       |       |     2 ||     2
Armor: Chain mail        |    39 |   112 |    90 ||   241
       Steam dragon scal |       |       |     9 ||     9
Dodge: Dodged            |    35 |    70 |   104 ||   209

Table legend: (Time is in decaauts)
 A = Elapsed time spent in this place.
 B = Non-inter-level travel time spent in this place.
 C = Inter-level travel time spent in this place.
 D = Time resting spent in this place.
 E = Time spent auto-exploring this place.
 F = Levels seen in this place.
 G = Mean time per level.
                   A        B        C        D        E       F      G
               +--------+--------+--------+--------+--------+-----+--------+
         Total |   6500 |   5968 |    532 |    190 |   4646 |   8 |  812.5 |
       Dungeon |   6500 |   5968 |    532 |    190 |   4646 |   8 |  812.5 |
               +--------+--------+--------+--------+--------+-----+--------+

Top non-repeatable levels by time:
     D:5: 1587 daAuts
     D:3: 1139 daAuts
     D:2: 923 daAuts
     D:6: 811 daAuts
     D:7: 791 daAuts
     D:1: 615 daAuts
     D:4: 555 daAuts
     D:8: 76 daAuts
